Map: Oxide LE

Players

Vindicta

  • Race: Terran Terran

Astrea - Winner!

  • Race: Protoss Protoss
  • League: Grandmaster

Event: DreamHack SC2 Masters 2021 Fall

VOD

Have the link to the VOD?

Description

Time

  • Played on: Aug. 3, 2021, 4:24 p.m.
  • Length: 9:04

All games in this series

Show
View Real Time Build Order
Export as new Build Order

Vindicta Terran 

Build Orders:  

Get SALT Encoding   

  12  0:00  SCV  
  13  0:12  SCV  
  14  0:17  Supply Depot  
  14  0:24  SCV  
  15  0:38  SCV  
  15  0:39  Barracks  
  16  0:43  Refinery  
  16  0:51  SCV  
  17  1:03  SCV  
  18  1:15  SCV  
  19  1:27  Marine, Orbital Command  
  20  1:42  Command Center  
  20  1:46  Barracks Reactor  
  20  1:53  SCV  
  21  1:57  Supply Depot  
  21  2:05  SCV  
  22  2:09  Barracks  
  22  2:18  SCV  
  22  2:22  Barracks  
  23  2:23  Marine  
  23  2:24  Marine  
  25  2:30  SCV  
  25  2:35  Bunker  
  26  2:41  Marine  
  26  2:42  SCV  
  28  2:52  Marine  
  28  2:54  SCV  
  28  2:55  Orbital Command  
  30  2:59  Marine, Barracks Tech Lab  
  29  3:06  SCV  
  29  3:10  Marine  
  29  3:12  Barracks Tech Lab  
  29  3:17  Marine, Stimpack  
  29  3:18  SCV  
  29  3:19  Marine  
  32  3:27  Marine  
  32  3:31  Refinery  
  32  3:33  Combat Shield  
  33  3:36  SCV  
  33  3:37  SCV  
  33  3:39  Marine x2  
  36  3:48  SCV  
  38  3:49  SCV  
  38  3:52  Marine  
  39  3:56  Supply Depot  
  39  3:59  Marine x2  
  39  4:00  SCV  
  39  4:01  Marine, SCV  
  44  4:10  Marine  
  44  4:12  SCV  
  44  4:13  Factory  
  46  4:18  Marine  
  49  4:25  SCV  
  49  4:26  SCV, Supply Depot  
  49  4:28  Marine  
  50  4:32  Marine, Engineering Bay  
  50  4:33  Marine, Refinery  
  50  4:36  Marine  
  50  4:38  SCV  
  54  4:47  Marine  
  54  4:48  SCV  
  54  4:50  SCV  
  54  4:51  Supply Depot  
  60  4:57  Concussive Shells  
  57  5:01  SCV, Starport  
  57  5:03  Marine, Terran Infantry Weapons Level 1  
  56  5:08  SCV, Factory Reactor  
  56  5:11  Marine  
  56  5:13  SCV  
  63  5:20  SCV  
  62  5:21  Marauder x2  
  62  5:26  Supply Depot  
  62  5:27  Marine, SCV  
  64  5:32  SCV  
  64  5:35  Refinery  
  65  5:36  Supply Depot  
  65  5:38  Marine  
  65  5:39  SCV  
  65  5:42  Marauder  
  69  5:44  SCV  
  69  5:48  Marauder  
  69  5:49  Medivac  
  74  5:51  Medivac  
  74  5:52  SCV  
  74  5:55  Factory Tech Lab  
  77  5:58  SCV  
  77  6:00  Marine x2  
  77  6:04  SCV, Marauder  
  82  6:09  Supply Depot  
  84  6:12  Marauder  
  84  6:15  Siege Tank  
  87  6:19  Supply Depot  
  87  6:20  Marine  
  87  6:25  Marauder  
  87  6:27  Medivac  
  87  6:33  SCV, Marauder  
  87  6:35  Marine  
  87  6:38  Medivac  
  94  6:46  Marauder  
  95  6:50  Command Center  
  95  6:52  SCV  
  96  6:57  SCV  
  96  6:59  Supply Depot  
  99  7:02  Siege Tank  
  99  7:04  SCV  
  99  7:05  Marine  
  104  7:09  SCV, Marauder  
  104  7:10  Marine  
  108  7:19  Medivac x2  
  108  7:21  SCV  
  96  7:26  Marine, SCV  
  96  7:27  Barracks  
  96  7:28  Marine, Barracks  
  97  7:31  Marine  
  97  7:33  SCV  
  97  7:36  Siege Tank  
  102  7:40  Marine  
  103  7:44  Marine  
  103  7:46  SCV  
  99  7:51  Marauder  
  99  7:53  SCV  
  99  7:56  Viking  
  104  7:59  Viking  
  104  8:01  SCV  
  104  8:04  Marine  
  108  8:07  SCV  
  107  8:13  SCV, Marauder  
  107  8:18  Barracks Reactor, Barracks Tech Lab  
  107  8:19  SCV  
  111  8:22  Missile Turret  
  111  8:23  Marine  
  106  8:27  Missile Turret  
  106  8:31  Marauder  
Show
View Real Time Build Order
Export as new Build Order

Astrea Protoss - Winner!

Build Orders: 1 Gate Expand, Blink Stalkers, Colossus Rush 

Get SALT Encoding   

  12  0:00  Probe  
  13  0:12  Pylon  
  13  0:17  Probe  
  14  0:31  Gateway  
  14  0:33  Probe (Chrono Boost)  
  15  0:42  Assimilator, Probe (Chrono Boost)  
  16  0:47  Probe (Chrono Boost)  
  17  0:59  Probe  
  18  1:09  Pylon  
  18  1:11  Probe  
  18  1:18  Cybernetics Core  
  19  1:24  Probe  
  22  1:37  Nexus  
  20  1:41  Probe  
  21  1:49  Assimilator  
  21  1:51  Adept (Chrono Boost)  
  23  1:56  Probe  
  23  2:00  Warp Gate  
  24  2:08  Probe  
  24  2:11  Adept (Chrono Boost)  
  27  2:21  Probe  
  28  2:28  Twilight Council  
  28  2:33  Probe  
  28  2:34  Stalker  
  31  2:50  Probe x2 (Chrono Boost)  
  33  3:02  Probe (Chrono Boost)  
  35  3:07  Probe (Chrono Boost)  
  35  3:09  Probe (Chrono Boost)  
  35  3:10  Blink (Chrono Boost)  
  36  3:13  Probe (Chrono Boost)  
  36  3:17  Probe  
  38  3:25  Probe  
  39  3:27  Gateway  
  39  3:28  Robotics Facility  
  39  3:29  Probe  
  40  3:35  Pylon  
  40  3:37  Probe  
  40  3:41  Probe  
  42  3:49  Probe  
  42  3:50  Stalker  
  42  3:53  Assimilator, Probe  
  46  3:55  Assimilator  
  46  4:02  Probe  
  47  4:05  Pylon, Probe  
  48  4:14  Probe  
  48  4:15  Observer (Chrono Boost)  
  50  4:17  Robotics Bay, Probe  
  50  4:23  Forge  
  51  4:26  Probe  
  51  4:29  Probe  
  53  4:31  Shield Battery  
  53  4:32  Sentry  
  53  4:33  Stalker  
  53  4:37  Pylon  
  53  4:38  Probe  
  58  4:42  Immortal (Chrono Boost)  
  62  4:48  Pylon  
  62  4:55  Probe  
  62  4:59  Stalker x2  
  65  5:13  Colossus (Chrono Boost)  
  65  5:20  Protoss Ground Weapons Level 1 (Chrono Boost)  
  69  5:22  Pylon  
  69  5:24  Observer  
  69  5:29  Sentry  
  69  5:30  Probe x2  
  69  5:31  Nexus  
  69  5:35  Pylon  
  73  5:42  Extended Thermal Lance, Probe (Chrono Boost)  
  75  5:43  Probe (Chrono Boost)  
  75  5:54  Probe (Chrono Boost)  
  77  5:57  Pylon  
  77  6:00  Probe (Chrono Boost)  
  77  6:02  Sentry, Probe (Chrono Boost)  
  80  6:06  Gateway x2, Probe (Chrono Boost)  
  80  6:08  Probe  
  80  6:10  Colossus (Chrono Boost)  
  88  6:18  Probe  
  88  6:23  Probe  
  90  6:27  Charge  
  90  6:31  Gateway  
  84  6:34  Zealot x2  
  88  6:40  Gateway  
  88  6:42  Gateway  
  88  6:44  Shield Battery  
  88  6:48  Colossus (Chrono Boost)  
  94  6:57  Stalker x2  
  98  7:02  Stalker x2  
  98  7:07  Observer  
  102  7:11  Pylon  
  102  7:22  Stalker x2  
  104  7:23  Pylon  
  104  7:25  Probe x3  
  107  7:30  Stalker  
  107  7:33  Warp Prism  
  107  7:34  Stalker  
  107  7:35  Stalker  
  115  7:40  Zealot x2  
  119  7:44  Pylon  
  119  7:46  Zealot  
  121  7:55  Zealot x2  
  121  7:57  Pylon  
  125  8:00  Pylon  
  125  8:02  Zealot x3  
  125  8:04  Zealot  
  133  8:10  Zealot  
  135  8:15  Pylon  
  135  8:21  Pylon  
  131  8:31  Zealot x4  
  131  8:32  Zealot x3  

Tags
 
Add a new tag
Caveats
  • Supply blocks, unpowered buildings, or Contaminate may cause inaccurate times.
  • Supply counts are checked every 10 seconds.